 Dungeon Crawl Stone Soup version 0.21-a0-421-gfc1ce30 (webtiles) character file.

20053 Dorkslayer the Cleaver (level 12, -5/103 HPs)
             Began as a Minotaur Fighter on Nov 4, 2017.
             Was a High Priest of the Shining One.
             Slain by an orc high priest
             ... wielding a +2 dire flail of holy wrath
              (17 damage)
             ... on level 1 of the Orcish Mines.
             The game lasted 01:01:04 (12661 turns).

Dorkslayer the Cleaver (Minotaur Fighter)          Turns: 12661, Time: 01:01:04

Health: -5/103     AC: 19    Str: 23    XL:     12   Next: 42%
Magic:  11/16      EV:  9    Int:  5    God:    the Shining One [*****.]
Gold:   631        SH: 11    Dex: 11    Spells: 11/11 levels left

rFire    + . .     SeeInvis .   a - +3 war axe
rCold    . . .     Gourm    .   c - +0 shield
rNeg     + + .     Faith    .   L - +0 plate armour
rPois    .         Spirit   .   (helmet restricted)
rElec    +         Reflect  .   S - +1 cloak {MR+}
rCorr    .         Harm     .   g - +0 pair of gloves
MR       ++...                  d - +0 pair of boots
Stlth    ..........             O - amulet of Orchued {rElec rF+ Regen+ Dex-4}
HPRegen  0.67/turn              G - +2 ring of evasion
MPRegen  0.15/turn              x - ring "Jobrib" {MR+ Slay+1}

@: glowing
A: retaliatory headbutt, horns 2, agile 1, wild magic 1
a: Divine Shield, Cleansing Flame, Summon Divine Warrior, Renounce Religion


You were on level 1 of the Orcish Mines.
You worshipped the Shining One.
The Shining One was extremely pleased with you.
You were not hungry.

You visited 3 branches of the dungeon, and saw 14 of its levels.
You also visited: Labyrinth.

You collected 898 gold pieces.
You spent 253 gold pieces at shops.
You donated 14 gold pieces to Zin.

Inventory:

Hand Weapons
 a - a +3 war axe (weapon)
Missiles
 s - 6 javelins (quivered)
 t - 26 tomahawks
 D - 3 javelins of returning
Armour
 c - a +0 shield (worn)
 d - a +0 pair of boots (worn)
 g - a +0 pair of gloves (worn)
 L - a +0 plate armour (worn)
 S - a +1 cloak of magic resistance (worn)
Jewellery
 k - an uncursed ring of protection from fire
 x - the ring "Jobrib" (right hand) {MR+ Slay+1}
   (You bought it in a shop on level 5 of the Dungeon)

   [ring of slaying]

   It affects your accuracy and damage with ranged weapons and melee attacks
   (+1).
   It affects your resistance to hostile enchantments.
 G - a +2 ring of evasion (left hand)
 O - the amulet of Orchued (around neck) {rElec rF+ Regen+ Dex-4}
   (You found it in a labyrinth)

   [amulet of regeneration]

   It affects your dexterity (-4).
   It protects you from fire.
   It insulates you from electricity.
   It increases your rate of regeneration.
Wands
 l - a wand of iceblast (10/15)
 n - a wand of confusion (29/48)
 r - a wand of scattershot (2/9)
 y - a wand of paralysis (4/24)
 B - a wand of polymorph (8/24)
 C - a wand of acid (3/15)
 F - a wand of flame (44/48)
 H - a wand of polymorph (16/24)
 K - a wand of flame (19/48)
 N - a wand of iceblast (2/15)
 Q - a wand of iceblast (1/15)
Scrolls
 b - a scroll of recharging
 e - 2 scrolls of blinking
 i - 6 scrolls of remove curse
 j - 3 scrolls of magic mapping
 o - a scroll of fog
 v - 3 scrolls of immolation
 z - 2 scrolls of teleportation
 J - a scroll of fear
Potions
 h - a potion of lignification
 u - 3 potions of curing
 w - 3 potions of brilliance
 A - 2 potions of flight
 I - a potion of haste
Miscellaneous
 M - a lightning rod (3/4)
Comestibles
 f - 9 bread rations
 q - 6 meat rations
 E - 7 chunks of flesh


   Skills:
 + Level 8.5 Fighting
 + Level 13.0 Axes
 + Level 8.1 Throwing
 * Level 8.8 Armour
 * Level 2.8 Dodging
 + Level 8.4 Shields
 * Level 7.4 Invocations
 * Level 7.0 Evocations


You had 11 spell levels left.
You didn't know any spells.

Dungeon Overview and Level Annotations

Branches:
Dungeon (11/15)            Temple (1/1) D:4            Lair (0/6) D:8
    Orc (2/2) D:11
    Elf: Orc:2

Altars:
Ashenzari
Cheibriados
Dithmenos
Elyvilon
Fedhas
Gozag
Hepliaklqana
Kikubaaqudgha
Makhleb
Nemelex Xobeh
Okawaru
Qazlal
Ru
Uskayaw
Vehumet
Wu Jian
Xom
Yredelemnul
Zin
The Shining One

Shops:
D:5 ?*[=   D:11 (([


Innate Abilities, Weirdness & Mutations

You reflexively headbutt those who attack you in melee.
You have a pair of horns on your head.
You are agile. (Dex +2)
Your spells are a little harder to cast, but a little more powerful.


Message History

The soul eater is unaffected.
The ice devil is unaffected.
The soul eater hits you but does no damage.
The ice devil hits you!
* * * LOW HITPOINT WARNING * * *
The ice devil freezes you!
* * * LOW HITPOINT WARNING * * *
The golden flame engulfs you! You resist.
The golden flame engulfs the ice devil.
The ice devil writhes in agony!
The ice devil is severely wounded.
The golden flame engulfs the orc warrior.
The orc warrior is almost dead.
Your attack snaps the orc warrior out of its fear.
The golden flame engulfs the orc high priest.
The orc high priest is almost dead.
The golden flame engulfs the soul eater.
The soul eater writhes in agony!
The soul eater is lightly wounded.
You feel somewhat more hungry.
The orc high priest hits you with a dire flail of holy wrath!
You die...

#...........#### **,**
##.......#..[#.## *,,,**
##.#............# **,*,**
#..............##**,,,,,*
#........##....##*,,,*,**
##.#......#.....#**,**,**
#..............## ***,,,,
##.....4o3...### *****,**
#......o@[..#.##**,*,****
#......))[.....#*,,,,,*,*
##............##,,,,,*,,,
####......o###,*,,,,**,,
##.#.#.#.<...#,,,,,,*,**,
#...........##*,,,,,,,,,,
##.#........# *,,,,,*,,,,
###....##..##**,,,,,*,,,
##...####...# ****,**,,,


You could see a soul eater, an orc high priest, an ice devil and 2 orc warriors.

Vanquished Creatures
  A minotaur (Lab)
  Josephine (D:11)
  Erolcha (Orc:1)
  3 two-headed ogres
  2 orc high priests (Orc:1)
  2 orc knights (Orc:1)
  3 ugly things
  2 orc sorcerers (Orc:2)
  A cyclops (D:11)
  Psyche (D:9)
  A gargoyle (D:10)
  2 trolls
  A minotaur skeleton (Lab)
  3 wraiths (D:11)
  2 yaks (D:10)
  4 basilisks (Lab)
  A steam dragon (D:10)
  2 hogs (D:10)
  A human (D:10)
  5 hungry ghosts
  A warg (Orc:1)
  2 hell hounds (D:8)
  Duvessa (D:4)
  4 ice beasts
  4 sky beasts
  A black bear (D:7)
  18 orc warriors
  4 ogres
  5 centaurs
  2 necrophages
  2 phantoms
  2 bullfrogs
  A wyvern zombie (D:5)
  2 gnoll sergeants
  A wyvern skeleton (D:11)
  Dowan (D:4)
  4 scorpions
  9 killer bees (D:10)
  4 electric eels
  3 crimson imps
  A centaur zombie (D:5)
  4 hounds
  26 orc priests
  2 centaur skeletons
  30 orc wizards
  A bullfrog skeleton (D:7)
  2 iguanas
  Ijyb (D:3)
  Natasha (thrice) (D:2)
  Terence (D:3)
  5 worker ants
  A killer bee zombie (D:6)
  A hound skeleton (D:4)
  Robin (D:3)
  A worker ant zombie (D:9)
  16 gnolls
  A howler monkey skeleton (D:10)
  7 adders
  2 shadow imps
  An ooze (D:4)
  5 adder skeletons
  An adder zombie (D:6)
  2 worms (D:4)
  2 dart slugs
  3 leopard geckos
  60 orcs
  3 giant cockroaches
  20 goblins
  10 hobgoblins
  2 jackals (D:5)
  10 kobolds
  6 quokkas
  A ball python (D:1)
  A ball python skeleton (D:2)
  5 bats
  6 frilled lizards
  2 leopard gecko skeletons
  A leopard gecko zombie (D:2)
  6 rats
363 creatures vanquished.

Vanquished Creatures (others)
  An orc (D:11)
  A fungus (D:6)
  3 plants (D:6)
5 creatures vanquished.

Grand Total: 368 creatures vanquished

Notes
Turn   | Place    | Note
-------+----------+-------------------------------------------
     0 | D:1      | Dorkslayer the Minotaur Fighter began the quest for the Orb.
     0 | D:1      | Reached XP level 1. HP: 19/19 MP: 0/0
   280 | D:1      | Reached XP level 2. HP: 27/27 MP: 1/1
   767 | D:1      | Reached XP level 3. HP: 17/33 MP: 2/2
  1049 | D:2      | Noticed Natasha
  1063 | D:2      | Gained mutation: Your spells are a little harder to cast, but a little more powerful. [potion of mutation]
  1063 | D:2      | Gained mutation: You are agile. (Dex +2) [potion of mutation]
  1067 | D:2      | Reached skill level 3 in Axes
  1072 | D:2      | Killed Natasha
  1072 | D:2      | Reached XP level 4. HP: 7/40 MP: 3/3
  1337 | D:2      | Found a glowing silver altar of Zin.
  1346 | D:2      | Became a worshipper of Zin the Law-Giver
  1497 | D:2      | Reached * piety under Zin
  1538 | D:2      | Noticed Natasha
  1553 | D:2      | Killed Natasha
  1937 | D:2      | Noticed Natasha
  1945 | D:2      | Killed Natasha
  1945 | D:2      | Reached XP level 5. HP: 47/47 MP: 4/4
  2048 | D:3      | Noticed Ijyb
  2071 | D:3      | Noticed Terence
  2072 | D:3      | Killed Ijyb
  2072 | D:3      | Reached skill level 4 in Axes
  2081 | D:3      | Reached skill level 5 in Armour
  2089 | D:3      | Killed Terence
  2120 | D:3      | Reached skill level 1 in Dodging
  2135 | D:3      | Reached skill level 5 in Shields
  2135 | D:3      | Reached XP level 6. HP: 53/53 MP: 5/5
  2176 | D:3      | Reached skill level 5 in Axes
  2375 | D:3      | Noticed Robin
  2383 | D:3      | Killed Robin
  2594 | D:3      | Found an ancient bone altar of Kikubaaqudgha.
  2703 | D:3      | Found a faded altar of an unknown god.
  2938 | D:4      | Noticed Dowan
  2939 | D:4      | Noticed Duvessa
  2945 | D:4      | Killed Dowan
  2945 | D:4      | Reached XP level 7. HP: 60/60 MP: 6/6
  2948 | D:4      | Killed Duvessa
  2948 | D:4      | Reached skill level 6 in Axes
  2948 | D:4      | Reached skill level 1 in Throwing
  2954 | D:4      | Found a staircase to the Ecumenical Temple.
  2967 | Temple   | Entered the Ecumenical Temple
  3011 | Temple   | Fell from the grace of Zin
  3011 | Temple   | Became a worshipper of the Shining One
  3311 | D:4      | Reached skill level 1 in Invocations
  3387 | D:4      | Found a shimmering altar of Xom.
  3672 | D:5      | Entered Level 5 of the Dungeon
  3710 | D:5      | Reached skill level 1 in Evocations
  3801 | D:5      | Reached * piety under the Shining One
  3875 | D:5      | Found Wamnail's Armour Emporium.
  3952 | D:5      | Reached skill level 5 in Fighting
  3985 | D:5      | Reached XP level 8. HP: 25/68 MP: 8/8
  4025 | D:5      | Found Ypepedu's Jewellery Shoppe.
  4031 | D:5      | Found a radiant altar of Vehumet.
  4038 | D:5      | Bought the ring "Jobrib" {MR+ Slay+1} for 223 gold pieces
  4115 | D:5      | Found a blossoming altar of Fedhas.
  4119 | D:5      | Reached skill level 7 in Axes
  4415 | D:5      | Found Lick's Assorted Antiques.
  4438 | D:5      | Found Eteczenyots's Magic Scroll Shop.
  4713 | D:5      | Bought a scroll labeled ZOARCH WENNI for 30 gold pieces
  4774 | D:6      | Found a snail-covered altar of Cheibriados.
  4852 | D:6      | Reached ** piety under the Shining One
  5168 | D:6      | Reached skill level 8 in Axes
  5473 | D:6      | Found an ornate altar of the Wu Jian Council.
  5548 | D:6      | Found a shattered altar of Ashenzari.
  5552 | D:6      | Saw a vision of the Swamp and the Snake Pit.
  5552 | D:6      | Noticed a naga warrior
  5552 | D:6      | Noticed a black mamba
  5552 | D:6      | Noticed a mana viper
  5552 | D:6      | Noticed a black mamba
  5552 | D:6      | Noticed a hornet
  5553 | D:6      | Noticed an alligator
  5562 | D:6      | Found a snail-covered altar of Cheibriados.
  6048 | D:7      | Reached XP level 9. HP: 30/74 MP: 10/10
  6084 | D:7      | Found an iron altar of Okawaru.
  7083 | D:8      | Reached skill level 9 in Axes
  7096 | D:8      | Found a burning altar of Makhleb.
  7105 | D:8      | Found a staircase to the Lair.
  7118 | D:8      | Noticed a two-headed ogre
  7119 | D:8      | Reached *** piety under the Shining One
  7124 | D:8      | Killed a two-headed ogre
  7361 | D:8      | Found a sacrificial altar of Ru.
  7410 | D:8      | Found a sparkling altar of Nemelex Xobeh.
  7495 | D:8      | Reached skill level 5 in Throwing
  7669 | D:9      | Noticed Psyche
  7675 | D:9      | Killed Psyche
  7675 | D:9      | Reached skill level 10 in Axes
  7675 | D:9      | Reached XP level 10. HP: 83/83 MP: 12/12
  7816 | D:9      | Found an opulent altar of Gozag.
  8048 | D:9      | Found a basalt altar of Yredelemnul.
  8364 | D:10     | Entered Level 10 of the Dungeon
  8564 | D:10     | Noticed a gargoyle
  8572 | D:10     | Killed a gargoyle
  8572 | D:10     | Reached skill level 5 in Invocations
  9034 | D:10     | Noticed a green ugly thing
  9044 | D:10     | Killed a green ugly thing
  9044 | D:10     | Reached skill level 5 in Evocations
  9054 | D:10     | Noticed a two-headed ogre
  9066 | D:10     | Killed a two-headed ogre
  9066 | D:10     | Reached skill level 11 in Axes
  9103 | D:10     | Reached XP level 11. HP: 77/92 MP: 14/14
  9194 | D:10     | Reached **** piety under the Shining One
  9504 | D:11     | Found Giulikhleq's Weapon Shop.
  9617 | D:11     | Found Zeji Puh's Armour Boutique.
  9618 | D:11     | Noticed a white ugly thing
  9629 | D:11     | Killed a white ugly thing
  9842 | D:11     | Noticed a green ugly thing
  9856 | D:11     | Killed a green ugly thing
 10034 | D:11     | Noticed a two-headed ogre
 10041 | D:11     | Killed a two-headed ogre
 10061 | D:11     | Noticed Josephine
 10062 | D:11     | Found Gijoz's Antique Weapon Boutique.
 10078 | D:11     | Killed Josephine
 10078 | D:11     | Reached skill level 12 in Axes
 10624 | D:11     | Found a staircase to the Orcish Mines.
 10885 | Orc:1    | Entered Level 1 of the Orcish Mines
 10912 | Orc:1    | Noticed Erolcha
 10924 | Orc:1    | Killed Erolcha
 11048 | Orc:2    | Entered Level 2 of the Orcish Mines
 11048 | Orc:2    | Found a labyrinth entrance.
 11056 | Lab      | Entered a labyrinth
 11508 | Lab      | Reached ***** piety under the Shining One
 11855 | Lab      | Noticed a minotaur
 11868 | Lab      | Killed a minotaur
 11872 | Lab      | Got a twitching emerald amulet
 11872 | Lab      | Got a faintly glowing tin ring
 12109 | Lab      | Identified the ring of the Invisible Lies {Wiz Dex+3} (You found it in a labyrinth)
 12114 | Lab      | Identified the amulet of Orchued {rElec rF+ Regen+ Dex-4} (You found it in a labyrinth)
 12119 | Orc:2    | Reached XP level 12. HP: 101/101 MP: 16/16
 12349 | Orc:2    | Noticed an orc high priest
 12371 | Orc:1    | Killed an orc high priest
 12450 | Orc:2    | Noticed an orc high priest
 12451 | Orc:2    | Noticed an orc high priest
 12562 | Orc:2    | Noticed an orc warlord
 12570 | Orc:1    | Killed an orc high priest
 12570 | Orc:1    | Reached skill level 13 in Axes
 12661 | Orc:1    | Slain by an orc high priest

Vault maps used:
D:1:      arrival_zaba_pyramid
D:2:      zin_academy, serial_undead, serial_undead_f, serial_undead_d,
          serial_undead_c, serial_undead_e, serial_bayou_pond_c, uniq_natasha
D:3:      kennysheep_the_goblin_king, kiku_gazebo_garden_becter, first_bread,
          chequers_ecumenical_altar_grove, uniq_robin, uniq_ijyb, uniq_terence
D:4:      overflow_temple_1_default, minmay_temple_entry_butterflies,
          uniq_duvessa
D:5:      lemuel_round_altar, fiery_altar_vehumet, serial_shops, shop,
          nicolae_shop_waterfront, nicolae_shop_statue_plus,
          kennysheep_little_box
D:6:      cheibrodos_helix_gallery, old_standard_altar,
          nicolae_overflow_hidden_temple, basic_altar, grunt_ashenzari_visionary
D:7:      okawaru_metal_pillars_1_2
D:8:      lemuel_crystal_altar, chequers_temple_overflow_statue_of_worship,
          minmay_lair_entry_lava, minivault_5
D:9:      yredelemnul_altar_generic, grunt_gozag_statues, uniq_psyche
D:10:     serial_glass, glass_columns_c, glass_columns_c, grunt_livestock
D:11:     erik_orc_2, serial_shops, shop, shop, shop, uniq_josephine
Temple:   nicolae_temple_figure_zero
Orc:1:    uniq_erolcha
Orc:2:    st_orc_congregation, lab_entry_generic
Lab:      nicolae_lab_stuck, nicolae_lab_starburst, nicolae_lab_quarters,
          nicolae_lab_x, nicolae_lab_statue, nicolae_lab_blocks

Skill      XL: |  1  2  3  4  5  6  7  8  9 10 11 12 |
---------------+-------------------------------------+-----
Fighting       | 4 5 6 7 8 |  8.5
Shields        | 4 5 6 7 8 |  8.4
Armour         | 4 5 6 7 8 |  8.8
Axes           | 3 4 5 6 8 10 11 12 13 | 13.0
Dodging        | 1 2 |  2.8
Throwing       | 2 3 5 6 7 8 |  8.1
Invocations    | 2 3 4 5 6 7 |  7.4
Evocations     | 1 3 4 5 6 7 |  7.0

Action                   |  1- 3 |  4- 6 |  7- 9 | 10-12 || total
-------------------------+-------+-------+-------+-------++-------
Melee: War axe           |    67 |   145 |   200 |   368 ||   780
       Headbutt          |    12 |    35 |    35 |    81 ||   163
Throw: Javelin           |       |     2 |    43 |    58 ||   103
       Tomahawk          |       |       |     2 |     1 ||     3
Invok: Divine Shield     |       |       |       |     1 ||     1
       Cleansing Flame   |       |       |       |     1 ||     1
Evoke: Wand              |       |     2 |       |    38 ||    40
       Lightning rod     |       |       |       |     4 ||     4
  Use: Potion            |     4 |     1 |     2 |     2 ||     9
       Scroll            |       |     4 |    12 |    11 ||    27
  Eat: Chunk             |       |     2 |    10 |     8 ||    20
       Fruit             |       |     2 |       |     1 ||     3
       Royal jelly       |       |     2 |     2 |     8 ||    12
Armor: Scale mail        |    20 |     4 |       |       ||    24
       Chain mail        |       |    74 |    92 |    46 ||   212
       Plate armour      |       |       |       |   116 ||   116
Dodge: Dodged            |    24 |    25 |    45 |   120 ||   214
Block: Shield            |    33 |    65 |   127 |   231 ||   456

Table legend:
 A = Spawn XP
 B = Non-spawn XP
 C = Spawn XP percentage of total XP
 D = Spawn monster count
 E = Non-spawn monster count
 F = Spawn count percentage of total count
 G = Total turns spent on level
                    A         B        C        D         E        F      G
               +---------+---------+-------+---------+---------+-------+---------
         Total |       0 |   28648 |   0.0 |       0 |     363 |   0.0 | 12661
               +---------+---------+-------+---------+---------+-------+---------
           D:1 |       0 |      49 |   0.0 |       0 |      23 |   0.0 |   930
           D:2 |       0 |     156 |   0.0 |       0 |      19 |   0.0 |  1069
           D:3 |       0 |     407 |   0.0 |       0 |      48 |   0.0 |   808
           D:4 |       0 |     426 |   0.0 |       0 |      13 |   0.0 |   810
           D:5 |       0 |     922 |   0.0 |       0 |      26 |   0.0 |  1068
           D:6 |       0 |     561 |   0.0 |       0 |      16 |   0.0 |  1177
           D:7 |       0 |     814 |   0.0 |       0 |      19 |   0.0 |   973
           D:8 |       0 |    2050 |   0.0 |       0 |      25 |   0.0 |   767
           D:9 |       0 |    1438 |   0.0 |       0 |      21 |   0.0 |   707
          D:10 |       0 |    5125 |   0.0 |       0 |      48 |   0.0 |  1140
          D:11 |       0 |    5702 |   0.0 |       0 |      35 |   0.0 |  1381
         Orc:1 |       0 |    5847 |   0.0 |       0 |      25 |   0.0 |   652
         Orc:2 |       0 |    2268 |   0.0 |       0 |      34 |   0.0 |    63
           Lab |       0 |    2883 |   0.0 |       0 |      11 |   0.0 |  1061
               +---------+---------+-------+---------+---------+-------+---------
